 Dungeon Crawl Stone Soup version 0.27-a0-1502-g47ed6a6988 (webtiles) character file.

Game seed: 9370668459957296288

144 Kold the Distorting Demonspawn (level 5, -5/41 HPs)
             Began as a Demonspawn Abyssal Knight on July 9, 2021.
             Was a Believer of Lugonu.
             Killed from afar by a white imp (13 damage)
             ... with a puff of frost
             ... on level 3 of the Dungeon.
             The game lasted 00:03:31 (2502 turns).

Kold the Distorting Demonspawn (DsAK)               Turns: 2502, Time: 00:03:32

Health: -5/41      AC:  5    Str: 12    XL:     5   Next: 5%
Magic:  7/8        EV: 11    Int: 13    God:    Lugonu [**....]
Gold:   103        SH:  0    Dex: 14    Spells: 4/4 levels left

rFire    . . .     SeeInvis .   a - +1 spear
rCold    . . .     Faith    .   (no shield)
rNeg     . . .     Spirit   .   b - +0 leather armour
rPois    .         Reflect  .   (no helmet)
rElec    .         Harm     .   (no cloak)
rCorr    .         Rampage  .   (no gloves)
Will     .....                  (no boots)
Stlth    +.........             (no amulet)
HPRegen  0.13/turn              (no ring)
MPRegen  0.11/turn              (no ring)

@: no status effects
A: yellow scales 1, spiny 1
a: Renounce Religion, Depart the Abyss, Bend Space


You were on level 3 of the Dungeon.
You worshipped Lugonu.
Lugonu was pleased with you.
You visited 1 branch of the dungeon, and saw 3 of its levels.
You visited the Abyss 1 time.

You collected 103 gold pieces.

Inventory:

Hand Weapons
 a - a +1 spear (weapon)
Missiles
 i - 5 atropa-tipped darts
Armour
 b - a +0 leather armour (worn)
 c - a +1 chain mail of fire resistance
Jewellery
 d - a ring of resist corrosion
 f - a +4 ring of protection
 l - a ring of ice
Scrolls
 g - a scroll of enchant armour {unknown}
 h - a scroll of silence {unknown}
 j - a scroll of vulnerability {unknown}
 k - a scroll of immolation {unknown}
Potions
 e - a potion of ambrosia {unknown}


   Skills:
 - Level 3.0 Fighting
 + Level 3.6 Polearms
 - Level 1.7 Armour
 - Level 0.8 Dodging
 + Level 5.1 Invocations


You had 4 spell levels left.
You didn't know any spells.
Your spell library was empty.

Dungeon Overview and Level Annotations

Branches:
Dungeon (3/15)

Altars:


Innate Abilities, Weirdness & Mutations

You are partially covered in yellow scales. (AC +2)
You are partially covered in sharp spines.


Message History

The white imp disappears for a moment.
You reach to attack!
You hit the white imp.
The white imp is lightly wounded.
You closely miss the white imp.
The white imp is lightly wounded.
You hit the white imp but do no damage.
The white imp is lightly wounded.
The white imp hits you. The white imp freezes you.
You hit the white imp.
The white imp is moderately wounded.
The white imp is struck by your spines.
The white imp hits you but does no damage.
You hit the white imp but do no damage.
The white imp is severely wounded.
The white imp gestures at you. The puff of frost hits you!
You are too injured to fight recklessly!
You are too injured to fight recklessly!
Space bends around you!
You blink.
The white imp gestures at you. The puff of frost hits you.
* * * LOW HITPOINT WARNING * * *
Reach: a) +1 spear
Press: ? - help, Dir - move target, f/p - white imp
Aim: a white imp (heavily wounded, about 36% to evade your +1 spear)
You reach to attack!
You hit the white imp.
The white imp is severely wounded.
Reach: a) +1 spear
Press: ? - help, Dir - move target, f/p - white imp
Aim: a white imp (severely wounded, about 36% to evade your +1 spear)
You hit the white imp.
The white imp is severely wounded.
The white imp hits you.
* * * LOW HITPOINT WARNING * * *
The white imp freezes you.
* * * LOW HITPOINT WARNING * * *
Space bends around you!
You blink.
The white imp gestures at you. The puff of frost hits you!
You die...

#.#####
#.# #5#
#.# #.#
#######.#
#.......#
#5#####.#
#.ยง..@..#
#######.#
#.# #.#
#.# #<#
###


You could see a white imp.

Vanquished Creatures
  A bullfrog (D:3)
  A gnoll (D:1)
  2 worms (D:2)
  5 endoplasms
  4 giant cockroaches
  7 hobgoblins
  8 jackals (D:2)
  3 quokkas
  10 ball pythons
  3 bats
  A frilled lizard (D:2)
  7 goblins
  6 kobolds
  4 rats
62 creatures vanquished.

Notes
Turn   | Place    | Note
-------+----------+-------------------------------------------
     0 | Abyss:1  | Kold the Demonspawn Abyssal Knight began the quest for the
                  | Orb.
     0 | Abyss:1  | Reached XP level 1. HP: 18/18 MP: 2/2
    44 | D:1      | Escaped the Abyss
   427 | D:1      | Reached skill level 3 in Invocations
   427 | D:1      | Gained mutation: You are partially covered in sharp spines.
                  | [demonic ancestry]
   427 | D:1      | Reached XP level 2. HP: 11/24 MP: 2/4
   667 | D:1      | Reached ** piety under Lugonu
   773 | D:1      | Reached XP level 3. HP: 14/29 MP: 5/5
  1221 | D:1      | Found a faded altar of an unknown god.
  1371 | D:2      | Reached skill level 4 in Invocations
  1870 | D:2      | Gained mutation: You are partially covered in yellow
                  | scales. (AC +2) [demonic ancestry]
  1870 | D:2      | Reached XP level 4. HP: 35/35 MP: 7/7
  2285 | D:3      | Noticed a bullfrog
  2290 | D:3      | Killed a bullfrog
  2291 | D:3      | Reached skill level 5 in Invocations
  2291 | D:3      | Reached XP level 5. HP: 33/41 MP: 8/8
  2502 | D:3      | Killed from afar by a white imp

Illustrated notes

Levels and vault maps discovered:
D:1:      amcnicky_arrival_gap_in_the_tavern_cellar, layout_basic,
          hellmonk_ecumenical_altar_leap_of_faith, minmay_liquid_box
D:2:      minmay_door_path, layout_basic, minivault_23
D:3:      layout_basic, amcnicky_altar_gilded, nicolae_qazlal_scattered_showers,
          st_stairs_6, minmay_fractal_squares_gapless_5

Skill      XL: |  1  2  3  4 |
---------------+-------------+-----
Polearms       | 2 3 |  3.6
Invocations    | 3 4 5 |  5.1
Fighting       | |  3.0
Armour         | |  1.7
Dodging        | |  0.8

Action                   |  1- 3 |  4- 6 || total
-------------------------+-------+-------++-------
Melee: Spear             |   136 |    40 ||   176
Invok: Bend Space        |     1 |     3 ||     4
 Stab: Sleeping          |     5 |     1 ||     6
Armor: Leather armour    |    24 |     8 ||    32
Dodge: Dodged            |    48 |     9 ||    57

Table legend: (Time is in decaauts)
 A = Elapsed time spent in this place.
 B = Non-inter-level travel time spent in this place.
 C = Inter-level travel time spent in this place.
 D = Time resting spent in this place.
 E = Time spent auto-exploring this place.
 F = Levels seen in this place.
 G = Mean time per level.
                   A        B        C        D        E       F      G
               +--------+--------+--------+--------+--------+-----+--------+
         Total |   2499 |   2400 |     99 |    541 |   1488 |   4 |  624.8 |
       Dungeon |   2455 |   2356 |     99 |    541 |   1488 |   3 |  818.3 |
         Abyss |     44 |     44 |      0 |      0 |      0 |   1 |   44.0 |
               +--------+--------+--------+--------+--------+-----+--------+

Top non-repeatable levels by time:
     D:1: 1271 daAuts
     D:2: 1097 daAuts
     D:3: 87 daAuts
 Abyss:1: 44 daAuts
